 Dungeon Crawl Stone Soup version 0.25-a0-578-gc91f01c39c (webtiles) character file.

Game seed: 13541152042777062035, levelgen mode: deterministic

54 An17 the Sneak (level 3, -5/19 HPs)
             Began as a Vampire Enchanter on Mar 4, 2020.
             Slain by a goblin (6 damage)
             ... led by Robin
             ... on level 2 of the Dungeon.
             The game lasted 00:04:07 (1089 turns).

An17 the Sneak (Vampire Enchanter)                  Turns: 1089, Time: 00:04:07

Health: -5/19      AC:  3    Str: 11    XL:     3   Next: 66%
Magic:  2/6        EV: 13    Int: 17    God:
Gold:   117        SH:  0    Dex: 15    Spells: 0/6 levels left

rFire    . . .     SeeInvis +   a - +1 dagger
rCold    + + .     Gourm    .   (no shield)
rNeg     + + +     Faith    .   b - +1 robe
rPois    ∞         Spirit   .   (no helmet)
rElec    .         Reflect  .   (no cloak)
rCorr    .         Harm     .   (no gloves)
MR       .....                  (no boots)
Stlth    +++++.....             (no amulet)
HPRegen  0.00/turn              e - +4 ring of strength
MPRegen  0.10/turn              (no ring)

@: bloodless
A: no food, fangs 3, see invisible, unbreathing
a: Bat Form, Revivify


You were on level 2 of the Dungeon.
You were bloodless.

You visited 1 branch of the dungeon, and saw 2 of its levels.

You collected 117 gold pieces.

Inventory:

Hand Weapons
 a - a +1 dagger (weapon)
Armour
 b - a +1 robe (worn)
Jewellery
 e - a +4 ring of strength (left hand)
Scrolls
 c - a scroll of magic mapping
Potions
 d - a potion of flight {unknown}
 f - a potion of curing {unknown}
 g - a potion of mutation {unknown}


   Skills:
 + Level 1.3 Short Blades
 * Level 2.6 Dodging
 + Level 5.6 Stealth
 + Level 2.3 Spellcasting
 + Level 5.1 Hexes


You couldn't memorise any spells.
You knew the following spells:

 Your Spells              Type           Power        Failure   Level  Hunger
a - Corona                Hex            ###....      2%          1    N/A
b - Ensorcelled Hibernat  Hex/Ice        ##....       10%         2    N/A
c - Tukima's Dance        Hex            ###.....     7%          3    N/A

Your spell library contained the following spells:

 Spells                   Type           Power        Failure   Level  Hunger
 Confusing Touch          Hex            ###.....     7%          3    N/A
 Dazzling Flash           Conj/Hex       ##....       21%         3    N/A

Dungeon Overview and Level Annotations

Branches:
Dungeon (2/15)

Altars:
Zin

Annotations:
D:2 Robin


Innate Abilities, Weirdness & Mutations

You do not eat.
You do not regenerate when monsters are visible.
You are frail without blood (-20% HP).
You can heal yourself when you bite living creatures.
You are immune to poison.
You have razor-sharp teeth.
You have supernaturally acute eyesight. (SInv)
You can survive without breathing.


Message History

You don't have enough magic to cast that spell.
Unknown command.
You hit Robin.
Robin is lightly wounded.
Robin barely misses you.
Robin roars a battlecry!
The goblins go into a battle-frenzy!
The goblin shouts!
You hear a shout!
The goblin closely misses you. Robin hits you but does no damage.
Robin throws the goblin at you!
The goblin unwields a +0 hunting sling.
The goblin wields a +0 club.
The goblin hits you with a +0 club. The goblin hits you with a +0 club.
The goblin hits you but does no damage.
The goblin unwields a +0 club.
The goblin wields a +0 hunting sling.
The goblin shoots a stone.
The stone hits you.
* * * LOW HITPOINT WARNING * * *
You see here a stone.
Robin throws the goblin at you! The goblin hits you.
You die...

#...###.#..# #.#
...........# #.#
......g...######.#
...>.g#.#g###....#
........g........##
......#.#g#g......##
........gg....÷....##
##.######(..........# #
##.@..........######
#%.#g...(.).#....... #
##.###......#########
#. ##..>#..#.........#
#.##.......##..#####.#
#.........##..# #.#
##......÷.##..## #.#
#.........##...####.#
##.##.......##.........


You could see Robin, a hobgoblin and 6 goblins.

Vanquished Creatures
  A worm (D:2)
  2 dart slugs (D:1)
  A leopard gecko (D:1)
  4 bats
  4 giant cockroaches
  11 goblins
  5 hobgoblins
  2 jackals (D:1)
  3 kobolds
  2 ball pythons (D:1)
  5 frilled lizards
  4 rats (D:1)
44 creatures vanquished.

Notes
Turn   | Place    | Note
-------+----------+-------------------------------------------
     0 | D:1      | An17 the Vampire Enchanter began the quest for the Orb.
     0 | D:1      | Reached XP level 1. HP: 13/13 MP: 3/3
   159 | D:1      | Reached XP level 2. HP: 11/19 MP: 5/5
   202 | D:1      | Learned a level 2 spell: Ensorcelled Hibernation
   217 | D:1      | Reached skill level 5 in Hexes
   292 | D:1      | Reached skill level 5 in Stealth
   480 | D:1      | Reached XP level 3. HP: 19/19 MP: 6/6
   485 | D:1      | Learned a level 3 spell: Tukima's Dance
   798 | D:2      | Noticed Robin
  1057 | D:2      | Found a glowing silver altar of Zin.
  1089 | D:2      | Slain by a goblin

Levels and vault maps discovered:
D:1:      saegor_arrival_simple_d, layout_loops_ring
D:2:      layout_loops_ring, zin_statuary, uniq_robin

Skill      XL: |  1  2 |
---------------+-------+-----
Hexes          | 5 |  5.1
Stealth        | 5 |  5.6
Short Blades   | |  1.3
Dodging        | |  2.6
Spellcasting   | |  2.3

Action                   || total
-------------------------++-------
Melee: Dagger            ||    78
       Bite              ||     4
 Cast: Corona            ||     2
       Ensorcelled Hiber ||    10
 Abil: Exsanguinate      ||     1
  Use: Scroll            ||     4
 Stab: Sleeping          ||    30
Armor: Robe              ||     8
Dodge: Dodged            ||    37

Table legend:
 A = Non-vault XP
 B = Vault XP
 C = Vault XP percentage of total XP
 D = Non-vault monster count
 E = Vault monster count
 F = Vault count percentage of total count
                 A         B        C        D         E       F
            +---------+---------+-------+---------+---------+-------
      Total |      69 |       9 |  11.5 |      39 |       5 |  11.4
            +---------+---------+-------+---------+---------+-------
        D:1 |      49 |       2 |   3.9 |      28 |       1 |   3.4
        D:2 |      20 |       7 |  25.9 |      11 |       4 |  26.7
            +---------+---------+-------+---------+---------+-------
